 Dungeon Crawl Stone Soup version 0.27-a0-732-ga892ba84f6 (webtiles) character file.

Game seed: 8885856258300919502

32 robertstho the Magician (level 3, -2/26 HPs)
             Began as a Djinni Fire Elementalist on Mar 23, 2021.
             Slain by Crazy Yiuf
             ... wielding a +4 quarterstaff of chaos
              (19 damage)
             ... on level 2 of the Dungeon.
             The game lasted 00:01:47 (2163 turns).

robertstho the Magician (Djinni Fire Elementalist)  Turns: 2163, Time: 00:01:48

Health: -2/26      AC:  2    Str:  7    XL:     3   Next: 25%
Magic:  0/0        EV: 12    Int: 17    God:
Gold:   79         SH:  0    Dex: 13    Spells: 0/8 levels left

rFire    + + .     SeeInvis .   g - +0 long sword
rCold    x . .     Faith    .   (no shield)
rNeg     . . .     Spirit   .   a - +0 robe
rPois    ∞         Reflect  .   (no helmet)
rElec    .         Harm     .   (no cloak)
rCorr    .         Rampage  .   (no gloves)
Will     .....                  (boots unavailable)
Stlth    ++........             (no amulet)
HPRegen  0.08/turn              (no ring)
MPRegen  0.00/turn              (no ring)

@: flying
A: fire resistance 2, cold vulnerability 1, float, innate caster, hp casting,
extra vitality 1
a: no special abilities


You were on level 2 of the Dungeon.
You visited 1 branch of the dungeon, and saw 2 of its levels.

You collected 79 gold pieces.

Inventory:

Hand Weapons
 d - a +0 short sword
 g - a +0 long sword (weapon)
Armour
 a - a +0 robe (worn)
Jewellery
 i - an amulet of reflection
Scrolls
 b - 3 scrolls of identify {unknown}
 c - a scroll of noise {unknown}
 e - a scroll of brand weapon {unknown}
 j - a scroll of teleportation {unknown}
 k - a scroll of fear {unknown}
 n - a scroll of magic mapping {unknown}
Potions
 f - a potion of invisibility {unknown}
 h - a potion of flight {unknown}
 l - a potion of curing {unknown}
 m - a potion of haste {unknown}


   Skills:
 * Level 0.5 Fighting
 + Level 2.4 Dodging
 + Level 1.7 Stealth
 * Level 3.4 Spellcasting


You couldn't memorise any spells.
You knew the following spells:

 Your Spells              Type           Power      Damage    Failure   Level
a - Foxfire               Conj/Fire      56%        2x1d6     4%          1
b - Conjure Flame         Conj/Fire      14%        6-21      12%         3
c - Inner Flame           Hex/Fire       14%        N/A       12%         3
d - Sticky Flame          Conj/Fire      14%        2d4       36%         4
e - Fireball              Conj/Fire      7%         3d5       73%         5
f - Sting                 Tmut/Pois      56%        1d5       4%          1
Your spell library was empty.

Dungeon Overview and Level Annotations

Branches:
Dungeon (2/15)

Altars:
Nemelex Xobeh

Annotations:
D:2 Crazy Yiuf


Innate Abilities, Weirdness & Mutations

You are immune to poison.
Your flesh is very heat resistant. (rF++)
You are vulnerable to cold. (rC-)
You float through the air rather than walking.
You learn spells naturally, not from books.
Your magical power is your life essence.
You have superior vitality. (+4 HP)


Message History

The bat hits you.
Unknown command.
A bat is nearby!
A bat is nearby!
A bat is nearby!
You completely miss the bat.
The bat is severely wounded.
The foxfire hits the bat.
You kill the bat!
No target in view!
No target in view!
n - a scroll labelled RARANAZEKE
Found an escape hatch in the ceiling.
Found a mace.
Found a runed translucent door.
Crazy Yiuf cries, "You leg down broken song, no?"
Crazy Yiuf flaps his cloak.
Found a stone staircase leading up.
You reach down and open the door.
There is a stone staircase leading up here.
You reach down and open the door.
There is an open door here.
Key pressed, stopping explore.
You reach down and open the door.
Crazy Yiuf shouts!
Crazy Yiuf grits, "Goldfish!"
There is an open translucent door here.
Casting: Foxfire (safe; 4% risk of failure)
Confirm with . or Enter, or press ? or * to list all spells.
Okay, then.
Casting: Foxfire (safe; 4% risk of failure)
Confirm with . or Enter, or press ? or * to list all spells.
Aiming: Sting (safe; 4% risk of failure)
Press: ? - help, Shift-Dir - straight line, f - Crazy Yiuf
Aim: Crazy Yiuf, wielding a +4 quarterstaff of chaos and wearing a +1 cloak of willpower (25% to evade)
The sting hits Crazy Yiuf but does no damage.
Crazy Yiuf is poisoned.
Crazy Yiuf hits you with a +4 quarterstaff of chaos!
You are electrocuted!!
Ouch! That really hurt!
You die...

.###........#.##..####'##
### #.#
..................####.#
#.#
#.##.....##.#.##....##.#
#..
.......#################
#.# #......# #.# #.##..##
#.# #.##...##♣ #### #.#
#......#.♣♣♣ ♣♣#..)# #.#
...........♣♣♣♣.@g..# ###
####.#......♣..♣#...#
####.#.#...♣.♣♣♣ ####
#......##♣♣♣♣♣ #<...###
#..#.# ###########
#..#.#####.........#
#..#........###..###
#................#


You could see Crazy Yiuf (poisoned).

Vanquished Creatures
  A dart slug (D:1)
  2 ball pythons
  6 bats
  A giant cockroach (D:2)
  2 goblins (D:1)
  3 hobgoblins
  4 oozes
  2 frilled lizards
  6 kobolds (D:1)
  2 rats
29 creatures vanquished.

Vanquished Creatures (others)
  60 foxfires
60 creatures vanquished.

Grand Total: 89 creatures vanquished

Notes
Turn   | Place    | Note
-------+----------+-------------------------------------------
     0 | D:1      | robertstho the Djinni Fire Elementalist began the quest for
                  | the Orb.
     0 | D:1      | Reached XP level 1. HP: 15/15 MP: 0/0
   248 | D:1      | Reached skill level 3 in Spellcasting
   248 | D:1      | Reached XP level 2. HP: 10/21 MP: 0/0
   761 | D:1      | Found a sparkling altar of Nemelex Xobeh.
  1283 | D:2      | Reached XP level 3. HP: 25/26 MP: 0/0
  1283 | D:2      | Learned a level 1 spell: Sting
  1958 | D:2      | Found a runed translucent door.
  1959 | D:2      | Noticed Crazy Yiuf
  2163 | D:2      | Slain by Crazy Yiuf

Illustrated notes

Levels and vault maps discovered:
D:1:      tarquinn_simple_flora_water_e, layout_basic,
          nemelex_xobeh_ov_fountains_minmay
D:2:      layout_basic, uniq_crazy_yiuf_cottage

Skill      XL: |  1 |
---------------+----+-----
Spellcasting   | 3 |  3.4
Fighting       | |  0.5
Dodging        | |  2.4
Stealth        | |  1.7

Action                   || total
-------------------------++-------
Melee: Long sword        ||     7
 Cast: Foxfire           ||    39
       Sting             ||     1
 Stab: Sleeping          ||     2
Armor: Robe              ||     4
Dodge: Dodged            ||    21
       Rpst.: Long sword ||     4

Table legend: (Time is in decaauts)
 A = Elapsed time spent in this place.
 B = Non-inter-level travel time spent in this place.
 C = Inter-level travel time spent in this place.
 D = Time resting spent in this place.
 E = Time spent auto-exploring this place.
 F = Levels seen in this place.
 G = Mean time per level.
                   A        B        C        D        E       F      G
               +--------+--------+--------+--------+--------+-----+--------+
         Total |   2164 |   2146 |     18 |      0 |   1979 |   2 | 1082.0 |
       Dungeon |   2164 |   2146 |     18 |      0 |   1979 |   2 | 1082.0 |
               +--------+--------+--------+--------+--------+-----+--------+

Top non-repeatable levels by time:
     D:1: 1185 daAuts
     D:2: 978 daAuts
